 Dungeon Crawl Stone Soup version 0.28-a0-932-g843f935a50 (webtiles) character file.

Game seed: 8458902962141684482

86 blank1 the Skirmisher (level 4, -9/41 HPs)
             Began as a Minotaur Fighter on Nov 27, 2021.
             Mangled by a gnoll (13 damage)
             ... on level 2 of the Dungeon on Nov 28, 2021.
             The game lasted 00:02:31 (1920 turns).

blank1 the Skirmisher (Minotaur Fighter)            Turns: 1920, Time: 00:02:32

Health: -9/41      AC:  7    Str: 22    XL:     4   Next: 27%
Magic:  3/3        EV: 10    Int:  5    God:
Gold:   93         SH:  4    Dex:  9    Spells: 3/3 levels left

rFire   . . .      SeeInvis .   a - +0 flail
rCold   . . .      Faith    .   c - +0 buckler
rNeg    . . .      Spirit   .   b - +0 scale mail
rPois   .          Reflect  .   (helmet restricted)
rElec   .          Harm     .   (no cloak)
rCorr   .          Rampage  .   (no gloves)
Will    .....                   (no boots)
Stlth   ..........              (no amulet)
HPRegen 0.13/turn               (no ring)
MPRegen 0.08/turn               (no ring)

@: no status effects
A: horns 2, retaliatory headbutt
a: no special abilities


You were on level 2 of the Dungeon.
You visited 1 branch of the dungeon, and saw 2 of its levels.

You collected 93 gold pieces.

Inventory:

Hand Weapons
 a - a +0 flail (weapon)
Armour
 b - a +0 scale mail (worn)
 c - a +0 buckler (worn)
Scrolls
 e - 2 scrolls of identify {unknown}
 f - a scroll of holy word {unknown}
 h - a scroll of teleportation {unknown}
Potions
 d - a potion of might
 g - a potion of cancellation {unknown}


   Skills:
 + Level 4.5 Fighting
 + Level 3.5 Maces & Flails
 - Level 4.0 Armour
 - Level 2.0 Dodging
 - Level 4.0 Shields


You had 3 spell levels left.
You didn't know any spells.
Your spell library contained the following spells:

 Spells                   Type           Power      Damage    Failure   Level
 Gell's Gravitas          Tloc           0%         N/A       99%         3
 Teleport Other           Tloc           0%         N/A       99%         3
 Dispersal                Tloc           0%         N/A       100%        6


Dungeon Overview and Level Annotations

Branches:
Dungeon (2/15)

Altars:


Innate Abilities, Weirdness & Mutations

You have a pair of horns on your head.
You reflexively headbutt those who attack you in melee.


Message History

A hobgoblin is nearby!
A hobgoblin is nearby!
The hobgoblin hits you but does no damage.
You hit the hobgoblin.
You kill the hobgoblin!
No target in view!
Found a hand axe.
You see here a hobgoblin corpse.
No target in view! 4 gnolls come into view.
A gnoll is wielding a +2 flail of protection.
The gnoll shouts! x4
There are monsters nearby!
There are monsters nearby!
There are monsters nearby!
The gnoll barely misses you.
You barely miss the gnoll. The gnoll barely misses you.
You hit the gnoll but do no damage. You block the gnoll's attack.
The gnoll hits you but does no damage.
You hit the gnoll. You headbutt the gnoll.
The gnoll is heavily wounded.
The gnoll hits you from afar with a +0 halberd.
The gnoll hits you but does no damage.
You hit the gnoll.
The gnoll is severely wounded.
The gnoll hits you from afar with a +0 halberd.
The gnoll hits you with a +2 flail of protection!
The gnoll hits you from afar with a +0 halberd.
You closely miss the gnoll.
The gnoll is severely wounded.
The gnoll hits you with a +2 flail of protection!
* * * LOW HITPOINT WARNING * * *
The gnoll hits you from afar with a +0 halberd.
* * * LOW HITPOINT WARNING * * *
You barely miss the gnoll.
The gnoll is severely wounded.
The gnoll hits you with a +2 flail of protection.
* * * LOW HITPOINT WARNING * * *
The gnoll hits you from afar with a +0 halberd!
You die...

#.# #.# #### #.#
... ### #.# ...
..# #.# ##.##.#
#.# ..#...#.# #.#
#.......#####.###
#.....g@......###
##.##g###.......#
#.#
##....#.########
..g.....#
#..#.....†.....
.....####
#......########
.g.g ##)##### #
... #+# # .. ####
. #...


You could see 2 gnolls.

Vanquished Creatures
  A gnoll (D:1)
  2 adders (D:2)
  2 worms (D:2)
  3 dart slugs
  6 ball pythons
  4 endoplasms
  3 giant cockroaches
  2 goblins
  5 hobgoblins
  3 jackals (D:2)
  3 quokkas (D:1)
  5 bats
  A frilled lizard (D:1)
  4 kobolds
  2 rats
46 creatures vanquished.

Notes
Turn   | Place    | Note
-------+----------+-------------------------------------------
     0 | D:1      | blank1 the Minotaur Fighter began the quest for the Orb.
     0 | D:1      | Reached XP level 1. HP: 19/19 MP: 0/0
   165 | D:1      | Found a faded altar of an unknown god.
   194 | D:1      | Reached XP level 2. HP: 16/27 MP: 1/1
   476 | D:1      | Reached skill level 1 in Dodging
   541 | D:1      | Reached XP level 3. HP: 33/33 MP: 2/2
  1297 | D:2      | Reached XP level 4. HP: 35/41 MP: 3/3
  1920 | D:2      | Mangled by a gnoll

Illustrated notes

Levels and vault maps discovered:
D:1:      minmay_arrival_three_doors, layout_basic,
          ebering_ecumenical_altar_petrified
D:2:      layout_loops_corners

Skill      XL: |  1  2  3  4 |
---------------+-------------+-----
Dodging        | 1 2 |  2.0
Fighting       | 4 |  4.5
Maces & Flails | 3 |  3.5
Armour         | 4 |  4.0
Shields        | 4 |  4.0

Action                   |  1- 3 |  4- 6 || total
-------------------------+-------+-------++-------
Melee: Flail             |    89 |    33 ||   122
       Headbutt          |    12 |     2 ||    14
Armor: Scale mail        |    41 |    13 ||    54
Dodge: Dodged            |    51 |    15 ||    66
Block: Buckler           |    26 |     6 ||    32

Table legend: (Time is in decaauts)
 A = Elapsed time spent in this place.
 B = Non-inter-level travel time spent in this place.
 C = Inter-level travel time spent in this place.
 D = Time resting spent in this place.
 E = Time spent auto-exploring this place.
 F = Levels seen in this place.
 G = Mean time per level.
                   A        B        C        D        E       F      G
               +--------+--------+--------+--------+--------+-----+--------+
         Total |   1951 |   1912 |     39 |    417 |   1203 |   2 |  975.5 |
       Dungeon |   1951 |   1912 |     39 |    417 |   1203 |   2 |  975.5 |
               +--------+--------+--------+--------+--------+-----+--------+

Top non-repeatable levels by time:
     D:1: 1127 daAuts
     D:2: 824 daAuts
